 Dungeon Crawl Stone Soup version 0.22.1-1-ga44c0e5 (webtiles) character file.

68 dvd the Cudgeler (level 4, 0/28 HPs)
             Began as a Gargoyle Monk on Oct 17, 2018.
             Killed from afar by Sigmund (7 damage)
             ... with a magic dart
             ... on level 2 of the Dungeon.
             The game lasted 00:02:45 (1305 turns).

dvd the Cudgeler (Gargoyle Monk)                    Turns: 1305, Time: 00:02:46

Health: 0/28       AC:  9    Str: 15    XL:     4   Next: 19%
Magic:  13/13      EV: 11    Int: 11    God:
Gold:   169        SH:  0    Dex: 12    Spells: 3/3 levels left

rFire    . . .     SeeInvis .   a - +0 mace
rCold    . . .     Gourm    .   (no shield)
rNeg     + . .     Faith    .   d - +0 ring mail
rPois    ∞         Spirit   .   (no helmet)
rElec    +         Reflect  .   k - +0 cloak
rCorr    .         Harm     .   (no gloves)
MR       .....                  (no boots)
Stlth    ..........             (no amulet)
HPRegen  0.09/turn              l - ring of magical power
MPRegen  0.13/turn              (no ring)

@: confused
A: negative energy resistance 1, electricity resistance, unbreathing,
petrification resistance, rot immunity, AC +3
a: no special abilities


You were on level 2 of the Dungeon.
You were not hungry.

You visited 1 branch of the dungeon, and saw 2 of its levels.

You collected 169 gold pieces.

Inventory:

Hand Weapons
 a - a +0 mace (weapon)
Armour
 b - a +0 robe
 d - a +0 ring mail (worn)
 f - a +0 chain mail
 k - a +0 cloak (worn)
Jewellery
 l - a ring of magical power (left hand)
Scrolls
 g - 4 scrolls of identify {unknown}
 h - 2 scrolls of teleportation {unknown}
Potions
 e - 2 potions of curing {unknown}
 i - a potion of flight {unknown}
 j - a potion of mutation {unknown}
Comestibles
 c - 4 rations
 m - a chunk of flesh


   Skills:
 + Level 3.5 Fighting
 + Level 3.9 Maces & Flails
 + Level 0.7 Armour
 + Level 3.0 Dodging
 + Level 2.5 Stealth


You had 3 spell levels left.
You didn't know any spells.
Your spell library was empty.

Dungeon Overview and Level Annotations

Branches:
Dungeon (2/15)

Altars:

Annotations:
D:2 Sigmund


Innate Abilities, Weirdness & Mutations

You are resistant to torment.
Your stone body is resilient. (AC +3)
You are immune to poison.
You resist negative energy. (rN+)
You are resistant to electric shocks. (rElec)
You can survive without breathing.
You are immune to petrification.
You are immune to rotting.


Message History

The puff of flame misses you.
Things that are here:
a short sword; 3 stones You are confused.
You bump into the rock wall.
You're too confused to move!
You bump into the rock wall.
You feel less confused.
A puff of flame appears from out of thin air!
The puff of flame hits you!
You are confused.
You bump into the rock wall.
Unknown command.
Sigmund appears from thin air!
Reactivating autopickup.
You bump into the rock wall.
You bump into the rock wall.
Sigmund points at you and mumbles some strange words.
The magic dart hits you!
You die...

###########
#.........#
#.#######{# #. #.#
##### #. ######.#
#... #.
#....#.#####.###
#.
#.##.#..).....(#.#
#.
#.##@#######....(#
#.
#.##..@..........#
#.###########....#
#.# #.#.#### #.#
.#.#... #.#
.#.#.## #.# ###
#.#.# #.## #..
#.#.# #..# #.#
#.#.#


You could see Sigmund.

Vanquished Creatures
  Jessica (D:2)
  An adder (D:2)
  2 worms (D:2)
  A giant cockroach (D:2)
  3 hobgoblins (D:1)
  7 kobolds
  A quokka (D:2)
  3 bats (D:1)
  2 frilled lizards
  3 goblins
  3 rats
27 creatures vanquished.

Notes
Turn   | Place    | Note
-------+----------+-------------------------------------------
     0 | D:1      | dvd the Gargoyle Monk began the quest for the Orb.
     0 | D:1      | Reached XP level 1. HP: 14/14 MP: 1/1
   232 | D:1      | Reached XP level 2. HP: 19/19 MP: 2/2
   678 | D:2      | Noticed Jessica
   692 | D:2      | Killed Jessica
   692 | D:2      | Reached XP level 3. HP: 10/23 MP: 3/3
  1196 | D:2      | Reached XP level 4. HP: 27/28 MP: 4/4
  1260 | D:2      | Noticed Sigmund
  1305 | D:2      | Killed from afar by Sigmund

Skill      XL: |  1  2  3  4 |
---------------+-------------+-----
Dodging        | 3 |  3.0
Fighting       | |  3.5
Maces & Flails | |  3.9
Armour         | |  0.7
Stealth        | |  2.5

Action                   |  1- 3 |  4- 6 || total
-------------------------+-------+-------++-------
Melee: Mace              |   103 |    16 ||   119
 Stab: Sleeping          |     1 |       ||     1
  Eat: Chunk             |     1 |       ||     1
Armor: Ring mail         |    30 |     7 ||    37
Dodge: Dodged            |    67 |     8 ||    75
